[Event "All India GP Rapid-ch 2019"]
[Site "Tamil Nadu"]
[Date "2019.11.17"]
[Round "6.1"]
[White "Shyaamnikhil, P."]
[Black "Harikrishnan.A.Ra"]
[Result "0-1"]
[ECO "A07"]
[WhiteElo "2413"]
[BlackElo "1995"]
[Annotator "RC"]
[PlyCount "70"]
[EventDate "2019.11.17"]
[EventType "rapid"]
[EventCountry "IND"]
[SourceTitle "playchess.com"]
[Source "ChessBase"]
[SourceQuality "1"]
[TimeControl "900+5"]

1. g3 e5 2. Bg2 d5 3. d3 Nf6 4. Nf3 Nc6 5. O-O Be7 6. a3 O-O 7. b4 e4 8. Nfd2 exd3 9. cxd3 Bg4 10. h3 Be6 11. Bb2 Qd7 12. Kh2 a5 13. b5 Na7 14. a4 c6 15. bxc6 bxc6 16. e4 dxe4 17. dxe4 Rab8 18. Qc2 Rfd8 19. Be5 Bd6 20. Bxf6 gxf6 21. Nc4 Bb4 22. Nba3 Qd3 23. Qc1 Bc3 24. Rd1 Qxd1 25. Qxd1 Rxd1 26. Rxd1 Rb4 27. Rd3 Be1 28. Nxa5 Rxa4 29. Nb7 Bxf2 30. Nc2 Nb5 31. Rf3 Bb6 32. e5 fxe5 33. Rd3 Bf5 34. Rd2 Ra2 35. Bxc6 Nd4 0-1